 Dungeon Crawl Stone Soup version 0.16-a0-3708-g05dc7d7 (webtiles) character file.

48 Johnny the Charlatan (level 3, 0/24 HPs)
             Began as a High Elf Artificer on Jan 19, 2015.
             Slain by an adder (2 damage)
             ... on level 2 of the Dungeon.
             The game lasted 00:02:19 (1698 turns).

Johnny the Charlatan (High Elf Artificer)           Turns: 1698, Time: 00:02:19

Health: 0/24       AC:  4    Str: 10    XL:     3   Next: 50%
Magic:  6/6        EV: 13    Int: 15    God:
Gold:   43         SH:  0    Dex: 17    Spells: 0 memorised, 2 levels left

rFire  . . .     SeeInvis .     o - +0 long sword
rCold  . . .     Clarity  .     e - +0 leather armour
rNeg   . . .     SustAb   .     (no shield)
rPois  .         Gourm    .     (no helmet)
rElec  .         Spirit   .     (no cloak)
rCorr  .         Warding  .     (no gloves)
rMut   .         Stasis   .     q - +0 pair of boots
MR     .....                    (no amulet)
Stlth  ++........               (no ring)
                                (no ring)

@: lethally poisoned, not resistant to hostile enchantments, unstealthy
A: no striking features
a: no special abilities


You were on level 2 of the Dungeon.
You were near starving.

You visited 1 branch of the dungeon, and saw 2 of its levels.

You collected 43 gold pieces.

Inventory:

Hand weapons
 a - a +0 short sword
 o - a +0 long sword (weapon)
Armour
 e - a +0 leather armour (worn)
 q - a +0 pair of boots (worn)
Jewellery
 g - a +4 ring of evasion {unknown}
Magical devices
 b - a wand of flame (14)
 c - a wand of enslavement (13)
 d - a wand of random effects (11)
Scrolls
 i - 5 scrolls of enchant armour {unknown}
 k - 2 scrolls of enchant weapon {unknown}
 l - 2 scrolls of teleportation {unknown}
 m - a scroll of remove curse {unknown}
 n - a scroll of blinking {unknown}
Potions
 j - 2 potions of cancellation
 r - a potion of heal wounds
Comestibles
 f - 2 bread rations
 h - 2 beef jerkies
 p - a meat ration


   Skills:
 * Level 2.2 Fighting
 - Level 1.2(1.6) Short Blades
 * Level 1.4(1.7) Long Blades
 + Level 0.8 Armour
 + Level 2.8 Dodging
 - Level 1.1 Stealth
 - Level 3.0 Evocations


You had 2 spell levels left.
You didn't know any spells.

Dungeon Overview and Level Annotations

Branches:
Dungeon (2/15)

Altars:
Cheibriados


Message History

This wand has 11 charges left.
Something bites you.
* * * LOW HITPOINT WARNING * * *
Something bites you.
* * * LOW HITPOINT WARNING * * *
You are lethally poisoned!
Something poisons you!
Evoke which item? (* to show all) (? for menu, Esc to quit)
Zapping:
d - a wand of random effects (11)
Press: ? - help, Shift-Dir - straight line, f - you
Okay, then.
Unknown command.
Unknown command.
Unknown command.
Evoke which item? (* to show all) (? for menu, Esc to quit)
Zapping:
b - a wand of flame (15)
Press: ? - help, Shift-Dir - straight line The puff of flame hits something.
This wand has 14 charges left.
* * * LOW HITPOINT WARNING * * *
You feel sick. Something bites you.
You die...

#.. ....## # #.. ... . #.#..
#.#.# #....###.#.##.#
#.....<.>...# ######.#(####
#.# # #{# ###########@#
######## #........##.# #####
#.......
###.##...#.##.###...###.######
#.....###..##.##.###.##.# #
#.#..## ##.##.#.#...#.#.#### #
#.#..# #......#...#......# #
#.#..## ##......#...#.#.##.###
#.#...###..#..(#.###.##.......
#.####...####.###...###..#.###


There were no monsters in sight!

Vanquished Creatures
  An adder (D:2)
  A worm (D:2)
  3 bats
  A goblin (D:2)
  4 hobgoblins
  2 jackals (D:2)
  A ball python (D:1)
  4 giant cockroaches
  A giant newt (D:2)
  5 kobolds
  5 rats
28 creatures vanquished.

Vanquished Creatures (others)
  An adder (D:2)
1 creature vanquished.

Grand Total: 29 creatures vanquished

Notes
Turn   | Place    | Note
--------------------------------------------------------------
     0 | D:1      | Johnny, the High Elf Artificer, began the quest for the Orb.
     0 | D:1      | Reached XP level 1. HP: 13/13 MP: 2/2
   487 | D:1      | Reached XP level 2. HP: 16/18 MP: 4/4
   561 | D:1      | You fall through a shaft!
   813 | D:2      | Reached skill level 1 in Long Blades
   977 | D:2      | Reached XP level 3. HP: 13/24 MP: 6/6
  1108 | D:2      | Found a snail-covered altar of Cheibriados.
  1698 | D:2      | Slain by an adder

Action                   || total
-------------------------++-------
Melee: Short sword       ||    36
       Long sword        ||    68
Evoke: Wand              ||     7
  Use: Potion            ||     2
  Eat: Chunk             ||     1
